 Dungeon Crawl Stone Soup version 0.28.0 (webtiles) character file.

Game seed: 3367318688847669521

54 Jerry the Covered (level 3, -4/31 HPs)
             Began as a Demigod Fighter on Feb 8, 2022.
             Slain by Crazy Yiuf (10 damage)
             ... on level 2 of the Dungeon.
             The game lasted 00:02:31 (1495 turns).

Jerry the Covered (Demigod Fighter)                 Turns: 1495, Time: 00:02:32

Health: -4/31      AC:  6    Str: 21    XL:     3   Next: 44%
Magic:  5/5        EV:  9    Int: 10    God:
Gold:   29         SH:  4    Dex: 13    Spells: 2/2 levels left

rFire   . . .      SeeInvis .   a - +0 war axe
rCold   . . .      Faith    .   c - +0 buckler
rNeg    . . .      Spirit   .   b - +0 scale mail
rPois   .          Reflect  .   (no helmet)
rElec   .          Harm     .   (no cloak)
rCorr   .          Rampage  .   (no gloves)
Will    .....                   (no boots)
Stlth   ..........              f - amulet of magic regeneration
HPRegen 0.10/turn               (no ring)
MPRegen 0.49/turn               (no ring)

@: mighty
A: high MP 1, forlorn, divine attributes
a: no special abilities


You were on level 2 of the Dungeon.
You visited 1 branch of the dungeon, and saw 2 of its levels.

You collected 29 gold pieces.

Inventory:

Hand Weapons
 a - a +0 war axe (weapon)
Armour
 b - a +0 scale mail (worn)
 c - a +0 buckler (worn)
Jewellery
 f - an amulet of magic regeneration (around neck)
Scrolls
 e - 4 scrolls of identify {unknown}
 h - a scroll of teleportation {unknown}
 j - 2 scrolls of immolation {unknown}
Potions
 g - a potion of mutation {unknown}
 i - a potion of cancellation {unknown}


   Skills:
 + Level 3.1 Fighting
 + Level 2.3 Axes
 + Level 3.1 Armour
 + Level 3.1 Shields


You had 2 spell levels left.
You didn't know any spells.
Your spell library was empty.

Dungeon Overview and Level Annotations

Branches:
Dungeon (2/15)

Annotations:
D:2 Crazy Yiuf


Innate Abilities, Weirdness & Mutations

You have an increased reservoir of magic. (+10% MP)
You shall have no god before yourself.
Your divine heritage dramatically boosts your attributes as you level up.


Message History

No target in view!
No target in view!
No target in view!
No target in view!
No target in view!
No target in view!
No target in view!
No target in view!
You see here a hobgoblin corpse.
Found a mace.
Found a runed translucent door.
Crazy Yiuf shouts!
Crazy Yiuf screams, "Trifle!
Gum cloud verde."
You open the door. You barely miss Crazy Yiuf.
Crazy Yiuf hits you with a +3 quarterstaff of chaos.
Crazy Yiuf freezes you.
Crazy Yiuf hits you with a +3 quarterstaff of chaos!
Ouch! That really hurt!
Crazy Yiuf burns you!
* * * LOW HITPOINT WARNING * * *
Crazy Yiuf says, "Leather leg disdain!"
Crazy Yiuf says, "Ghoul Xom action!"
Crazy Yiuf whimpers, "Shadow cower disdain!"
Crazy Yiuf says, "Buddy Orb Guardian snail!"
You see here a hobgoblin corpse.
Crazy Yiuf whimpers, "Snoogle ena seventy!"
Crazy Yiuf screams, "Trifle sow down!"
Crazy Yiuf laughs, "Scoff verde tired!"
Crazy Yiuf whimpers, "Liver blue return to song!"
Crazy Yiuf laughs, "Papa sing-song rumpyflump!"
You see here a rat corpse.
Crazy Yiuf yells, "Candle broken canine!"
There is a stone staircase leading up here.
Crazy Yiuf glowers.
You are too injured to fight recklessly!
Crazy Yiuf yells, "Whippet snail Xom!"
Unknown command.
You feel very mighty all of a sudden.
Crazy Yiuf hits you with a +3 quarterstaff of chaos!
You die...

#.........# #...##..#.......#
#...†.....# #...'.####......#
#.........# #)..### ##.#...#
#########.# ### #####.#
###########.# #.# ............#
#†# ##########..# #### #.# #..#
#..# #.# ###########.##
#@.###########.#
.......>.....###g.##..........#
#######........#..##.##########
#......)...#..##.#
#..........#..##.#
#..........#..##.#
#........#.#<.##.# ##
#........#.#.###†# .#
#........#.......#


You could see Crazy Yiuf.

Vanquished Creatures
  An adder (D:2)
  2 dart slugs
  5 endoplasms
  4 hobgoblins
  3 jackals (D:1)
  2 kobolds
  6 quokkas
  3 ball pythons
  2 bats
  3 goblins
  4 rats
35 creatures vanquished.

Notes
Turn   | Place    | Note
-------+----------+-------------------------------------------
     0 | D:1      | Jerry the Demigod Fighter began the quest for the Orb.
     0 | D:1      | Reached XP level 1. HP: 18/18 MP: 3/3
   291 | D:1      | Reached XP level 2. HP: 21/25 MP: 4/4
  1110 | D:2      | Reached XP level 3. HP: 30/31 MP: 5/5
  1449 | D:2      | Found a runed translucent door.
  1450 | D:2      | Noticed Crazy Yiuf
  1495 | D:2      | Slain by Crazy Yiuf

Illustrated notes

Levels and vault maps discovered:
D:1:      evilmike_arrival_fibonacci_small, layout_loops_ring, minmay_tall_x
D:2:      layout_basic, dilly_ecumenical_altar_fadedgnrine,
          kennysheep_another_room, minivault_25, minmay_domino_4, uniq_natasha,
          uniq_crazy_yiuf_cottage

Skill      XL: |  1  2 |
---------------+-------+-----
Axes           | 2 |  2.3
Armour         | 3 |  3.1
Shields        | 3 |  3.1
Fighting       | 3 |  3.1

Action                   || total
-------------------------++-------
Melee: War axe           ||   123
  Use: Potion            ||     1
Armor: Scale mail        ||    56
Dodge: Dodged            ||    75
Block: Buckler           ||    27
